 Dungeon Crawl Stone Soup version 0.30.0-10-gfe55d96785 (webtiles) character file.

Game seed: 6925982525625493449

106 Kenran the Chopper (level 4, -6/39 HPs)
             Began as a Minotaur Cinder Acolyte on May 15, 2023.
             Was a High Priest of Ignis.
             Mangled by a gnoll
             ... wielding a +0 halberd
              (12 damage)
             ... on level 3 of the Dungeon.
             The game lasted 00:03:08 (2024 turns).

Kenran the Chopper (Minotaur Cinder Acolyte)        Turns: 2024, Time: 00:03:09

Health: -6/39      AC:  5    Str: 21    XL:     4   Next: 55%
Magic:  4/4        EV: 10    Int: 11    God:    Ignis [*****.]
Gold:   117        SH:  0    Dex:  5    Spells: 5/5 levels left

rFire   + . .        a - -1 hand axe (flame)
rCold   . . .        (no shield)
rNeg    + . .        i - +0 ring mail
rPois   .            (helmet restricted)
rElec   .            (no cloak)
rCorr   .            (no gloves)
SInv    .            (no boots)
Will    .....        (no amulet) Stlth
                     m - ring of positive energy
HPRegen 0.26/turn    (no ring)
MPRegen 0.09/turn

%: no passive effects
@: lethally poisoned (-6 -> -9)
A: horns 2, retaliatory headbutt
a: Renounce Religion, Fiery Armour, Foxfire Swarm, Rising Flame


You were on level 3 of the Dungeon.
You worshipped Ignis.
Ignis was extremely pleased with you.
You visited 1 branch of the dungeon, and saw 3 of its levels.

You collected 117 gold pieces.

Inventory:

Hand Weapons
 a - a -1 hand axe of flaming (weapon)
Armour
 i - a +0 ring mail (worn)
Jewellery
 m - a ring of positive energy (left hand)
Wands
 l - a wand of acid (8)
Scrolls
 b - a scroll of silence {unknown}
 e - a scroll of torment {unknown}
 h - 2 scrolls of identify {unknown}
Potions
 c - a potion of lignification {unknown}
 d - a potion of resistance {unknown}
 f - a potion of degeneration {unknown}
 g - a potion of berserk rage {unknown}
 j - a potion of mutation {unknown}
 k - a potion of magic {unknown}
 n - 2 potions of flight {unknown}


   Skills:
 - Level 3.6 Fighting
 + Level 6.5 Axes
 - Level 1.0 Spellcasting
 - Level 2.1 Fire Magic


You had 5 spell levels left.
You didn't know any spells.
Your spell library contained the following spells:

 Spells                   Type           Power      Damage    Failure   Level
 Scorch                   Fire           10%        2d5       32%         2
 Hailstorm                Conj/Ice       0%         3d3       85%         3
 Ice Form                 Ice/Tmut       0%         N/A       99%         4
 Simulacrum               Ice/Necr       0%         N/A       100%        6
 Borgnjor's Revivificati  Necr           0%         N/A       100%        8
 Necromutation            Tmut/Necr      0%         N/A       100%        8
 Death's Door             Necr           0%         N/A       100%        9


Dungeon Overview and Level Annotations

Branches:
Dungeon (3/15)

Altars:
Fedhas


Innate Abilities, Weirdness & Mutations

You have a pair of horns on your head.
You reflexively headbutt those who attack you in melee.


Message History

You see here a rat corpse. 2 gnolls come into view.
An adder and a gnoll come into view.
Found a falchion.
You see here 8 gold pieces.
You now have 117 gold pieces (gained 8).
Found 12 gold pieces.
The adder bites you.
You hit the adder. You burn the adder.
The adder is lightly wounded.
The adder bites you but does no damage. The adder misses you.
The adder bites you. The adder closely misses you.
Something unseen opens the door.
The adder bites you.
You closely miss the adder. You headbutt the adder!
The adder is almost dead.
The adder bites you.
You closely miss the adder.
The adder is almost dead.
The adder bites you.
You are poisoned.
The adder poisons you!
The gnoll hits you from afar with a +0 halberd.
You are too injured to fight recklessly!
You are too injured to fight recklessly!
You miss the adder.
The adder is almost dead.
You feel sick. The adder misses you.
The gnoll hits you from afar with a +0 halberd.
The adder barely misses you.
You closely miss the adder.
The adder is almost dead.
You feel sick.
The gnoll hits you from afar with a +0 halberd!
* * * LOW HITPOINT WARNING * * *
The adder barely misses you.
You slash the adder! You burn the adder.
You kill the adder!
You feel sick.
The gnoll hits you from afar with a +0 halberd!
You die...

#######.# #+
####.......#....
..†............. ##
####.#.......... .#
#.#...##.##.. $.#
###..#'## #. ..# #....#†#
##. ..# #....#.# .##.###.#
#....#'####..#.@†g.#
##..........#.#.##gg###
.'..........#.#+#.....#
##..........#.........#
#..........#.........#
#...##†#####......†#....!#
######.....#.......g.....#
#.....#.......#..#..#
..#.....#.......##.#..#


You could see 3 gnolls.

Vanquished Creatures
  4 adders
  A worm (D:2)
  3 dart slugs
  5 orcs (D:3)
  4 endoplasms
  3 giant cockroaches
  3 goblins
  5 hobgoblins
  8 jackals
  9 kobolds
  A quokka (D:1)
  2 ball pythons (D:1)
  A bat (D:1)
  6 frilled lizards
  8 rats
63 creatures vanquished.

Notes
Turn   | Place    | Note
-------+----------+-------------------------------------------
     0 | D:1      | Kenran the Minotaur Cinder Acolyte began the quest for the
                  | Orb.
     0 | D:1      | Reached XP level 1. HP: 19/19 MP: 1/1
   241 | D:1      | Reached skill level 4 in Axes
   368 | D:1      | Reached XP level 2. HP: 26/26 MP: 2/2
   734 | D:1      | Reached skill level 5 in Axes
  1096 | D:2      | Reached XP level 3. HP: 23/31 MP: 3/3
  1806 | D:3      | Reached XP level 4. HP: 39/39 MP: 4/4
  1841 | D:3      | Reached skill level 6 in Axes
  1982 | D:3      | Found a blossoming altar of Fedhas.
  2024 | D:3      | Mangled by a gnoll

Illustrated notes

Levels and vault maps discovered:
D:1:      lemuel_arrival_hallway, layout_basic, chequers_big_river
D:2:      layout_basic, minmay_misc_feat_tiny, hex_intersection
D:3:      layout_basic, mainiacjoe_overflow_brackets

Skill      XL: |  1  2  3  4 |
---------------+-------------+-----
Axes           | 4 5 6 |  6.5
Fighting       | |  3.6
Spellcasting   | |  1.0
Fire Magic     | |  2.1

Action                     |  1- 3 |  4- 6 || total
---------------------------+-------+-------++-------
  Melee: Hand axe          |    91 |    66 ||   157
         Headbutt          |    10 |     7 ||    17
    Use: Scroll            |     1 |       ||     1
         Potion            |     1 |       ||     1
 Armour: Leather armour    |    23 |       ||    23
         Robe              |     1 |       ||     1
         Ring mail         |     4 |    21 ||    25
  Dodge: Dodged            |    41 |    26 ||    67
